 Dungeon Crawl Stone Soup version 0.32-a0-818-gb728d0252e (webtiles) character file.

Game seed: 11182156425040892310

518 porpoise the Caller (level 7, -6/46 HPs)
             Began as a Barachi Summoner on Mar 23, 2024.
             Shot with an arrow by a centaur (10 damage)
             ... on level 5 of the Dungeon.
             The game lasted 00:20:06 (5868 turns).

porpoise the Caller (Barachi Summoner)              Turns: 5868, Time: 00:20:06

Health: -6/46      AC:  3    Str: 10    XL:     7   Next: 21%
Magic:  12/14      EV: 10    Int: 17    God:
Gold:   174        SH:  3    Dex: 12    Spells: 6/16 levels left

rFire   . . .        b - +1 spear (venom)
rCold   . . .        o - +0 buckler
rNeg    . . .        u - +0 robe
rPois   .            (no helmet)
rElec   .            n - +0 cloak
rCorr   .            (no gloves)
SInv    .            (no boots)
Will    .....        (no amulet)
Stlth   ++           (no ring)
HPRegen 0.27/turn    (no ring)
MPRegen 0.14/turn

%: no passive effects
@: inugami summoned, slow
A: amphibious, slowness 1, strong legs 1, +LOS
a: Hop


You were on level 5 of the Dungeon.
You visited 1 branch of the dungeon, and saw 5 of its levels.

You collected 174 gold pieces.

Inventory:

Hand Weapons
 a - a +1 dagger of venom
 b - a +1 spear of venom (weapon)
 h - a +0 mace
 v - a +0 spear
Missiles
 j - 5 poisoned darts (quivered)
 m - 9 boomerangs
Armour
 n - a +0 cloak (worn)
 o - a +0 buckler (worn)
 u - a +0 robe (worn)
Jewellery
 g - an amulet of guardian spirit
 t - a ring of flight
Scrolls
 c - a scroll of blinking {unknown}
 k - a scroll of teleportation {unknown}
 l - 2 scrolls of fear
 q - a scroll of enchant weapon {unknown}
 r - a scroll of fog {unknown}
 s - a scroll of noise {unknown}
 y - a scroll of enchant armour {unknown}
Potions
 d - a potion of invisibility
 e - a potion of mutation
 f - 2 potions of brilliance
 i - 3 potions of heal wounds
 p - a potion of berserk rage
 w - a potion of magic
 x - a potion of curing


   Skills:
 + Level 0.0 Fighting
 - Level 2.1 Dodging
 - Level 1.7 Stealth
 + Level 0.0 Shields
 - Level 5.0 Spellcasting
 - Level 7.0 Summonings
 + Level 4.2 Fire Magic


You had 6 spell levels left.
You knew the following spells:

 Your Spells              Type           Power      Damage    Failure   Level
a - Summon Small Mammal   Summ           100%       N/A       1%          1
b - Call Imp              Summ           56%        N/A       1%          2
c - Call Canine Familiar  Summ           28%        N/A       3%          3
d - Summon Blazeheart Go  Fire/Summ      23%        N/A       22%         4

Your spell library contained the following spells:

 Spells                   Type           Power      Damage    Failure   Level
 Shock                    Conj/Air       16%        1d4       22%         1
 Slow                     Hex            16%        N/A       22%         1
 Cigotuvi's Dreadful Rot  Necr/Alch/Air  8%         N/A       32%         2
 Jinxbite                 Hex            8%         N/A       32%         2
 Mercury Vapours          Alch/Air       8%         N/A       32%         2
 Summon Lightning Spire   Summ/Air       16%        N/A       45%         4
 Confusing Touch          Hex            4%         N/A       54%         3
 Fugue of the Fallen      Necr           4%         N/A       54%         3
 Mephitic Cloud           Conj/Alch/Air  4%         N/A       54%         3
 Ozocubu's Armour         Ice            4%         N/A       54%         3
 Sigil of Binding         Hex            4%         N/A       54%         3
 Swiftness                Air            4%         N/A       54%         3
 Tukima's Dance           Hex            4%         N/A       54%         3
 Vampiric Draining        Necr           4%         2d6       54%         3
 Ignite Poison            Fire/Alch      11%        N/A       65%         4
 Airstrike                Air            2%         2d(1-17)  91%         4
 Dimensional Bullseye     Hex/Tloc       2%         N/A       91%         4
 Iskenderun's Mystic Bla  Conj/Tloc      4%         2d3       91%         4
 Manifold Assault         Tloc           4%         N/A       91%         4
 Freezing Cloud           Conj/Ice/Air   2%         6-21      99%         5
 Yara's Violent Unravell  Hex/Alch       2%         3d3       99%         5
 Enfeeble                 Hex            2%         N/A       100%        7


Dungeon Overview and Level Annotations

Branches:
Dungeon (5/15)
 Temple: D:4-7

Altars:

Annotations:
D:4 1 runed translucent door, Crazy Yiuf


Innate Abilities, Weirdness & Mutations

You are amphibious.
You cover ground slowly.
You can hop short distances.
You have an extended range of vision and can be seen from far away.


Message History

The centaur shouts!
The centaur wields a +0 orcbow.
The centaur shoots an arrow.
The arrow hits you!
Casting: Call Imp (safe; 1% risk of failure)
Confirm with . or Enter, or press ? or * to list all spells.
You call for your canine familiar and it appears with a howl!
The centaur shoots an arrow.
The arrow hits you.
The centaur shoots an arrow.
The arrow hits you!
The centaur shoots an arrow.
The arrow barely misses your inugami. The arrow hits you!
You swap places.
The centaur unwields a +0 orcbow.
The centaur barely misses you. You block the centaur's attack.
You are too injured to fight recklessly!
You are too injured to fight recklessly!
You hit the centaur but do no damage.
The centaur is poisoned.
The centaur closely misses you. The centaur kicks you.
The centaur closely misses you. x2
You closely miss the centaur.
The centaur is lightly wounded.
The centaur hits you. The centaur kicks you.
Your inugami hits the centaur!
The centaur hits you but does no damage.
The centaur kicks you.
* * * LOW HITPOINT WARNING * * *
You barely miss the centaur.
The centaur is heavily wounded.
The centaur hits you.
* * * LOW HITPOINT WARNING * * *
The centaur kicks you but does no damage.
Your inugami hits the centaur. The centaur completely misses you.
The centaur kicks you but does no damage.
Your inugami hits the centaur but does no damage.
You hit the centaur.
The centaur looks as sick as possible!
The centaur is severely wounded.
The centaur hits you.
* * * LOW HITPOINT WARNING * * *
The centaur kicks you but does no damage.
Your inugami misses the centaur.
Unknown command.
The centaur wields a +0 orcbow.
The centaur shoots an arrow.
The arrow hits you!
You die...

.......#...#.######.#..
#.. #.......# .# .
..##.##.#...#.........
........##.##..##......
# #................
#.#<..###....... #
####.##..# #........
#....$...###.........
#.##...@.h.#.........
#...###c^####......
#.....#[#..# ....
#####.###..# ...
........# #####.##.#
#.# .# #.# .# #.. .#


You could see a centaur (extremely poisoned, ally target) and a friendly inugami
(summoned).

Vanquished Creatures
  An ogre (D:5)
  A hound (D:2)
  An orc priest (D:4)
  Natasha (D:2)
  2 orc wizards
  A gnoll (D:5)
  3 adders
  A shadow imp (D:5)
  A dart slug (D:2)
  A ribbon worm (D:2)
  6 orcs
  5 ball pythons
  5 bats
  7 endoplasms
  A giant cockroach (D:2)
  4 goblins
  A hobgoblin (D:2)
  2 jackals (D:3)
  5 quokkas
  3 frilled lizards
  3 rats
55 creatures vanquished.

Vanquished Creatures (collateral kills)
  An orc priest (D:3)
  A jelly (D:4)
  Natasha (twice) (D:2)
  An orc wizard (D:4)
  A ribbon worm (D:3)
  7 orcs
  3 bats (D:1)
  5 endoplasms
  2 giant cockroaches (D:1)
  5 goblins
  5 hobgoblins
  A jackal (D:3)
  A kobold (D:3)
  2 quokkas (D:1)
  6 ball pythons
  A frilled lizard (D:1)
  6 rats
50 creatures vanquished.

Grand Total: 105 creatures vanquished

Notes
Turn   | Place    | Note
-------+----------+-------------------------------------------
     0 | D:1      | porpoise the Barachi Summoner began the quest for the Orb.
     0 | D:1      | Reached XP level 1. HP: 13/13 MP: 3/3
   355 | D:1      | Reached skill level 5 in Summonings
   489 | D:1      | Reached XP level 2. HP: 19/19 MP: 1/5
   526 | D:1      | Learned a level 2 spell: Call Imp
  1002 | D:1      | Reached XP level 3. HP: 24/24 MP: 4/7
  1392 | D:1      | Learned a level 3 spell: Call Canine Familiar
  1827 | D:2      | Reached XP level 4. HP: 8/30 MP: 5/9
  1924 | D:2      | Learned a level 4 spell: Summon Blazeheart Golem
  1976 | D:2      | Reached skill level 6 in Summonings
  2491 | D:2      | Noticed Natasha
  2503 | D:2      | Killed Natasha
  2504 | D:2      | Reached XP level 5. HP: 35/35 MP: 3/11
  2609 | D:2      | Noticed Natasha
  2616 | D:2      | Killed Natasha
  2706 | D:2      | Noticed Natasha
  2711 | D:2      | Killed Natasha
  3518 | D:3      | Reached skill level 1 in Fire Magic
  3518 | D:3      | Reached XP level 6. HP: 17/41 MP: 9/12
  4493 | D:4      | Reached skill level 7 in Summonings
  4889 | D:4      | Found a runed translucent door.
  4890 | D:4      | Noticed Crazy Yiuf
  5004 | D:4      | Reached skill level 5 in Spellcasting
  5555 | D:5      | Entered Level 5 of the Dungeon
  5616 | D:5      | Reached XP level 7. HP: 46/46 MP: 12/14
  5868 | D:5      | Shot with an arrow by a centaur

Illustrated notes

Levels and vault maps discovered:
D:1:      onia_arrival_handbag, layout_loops_corners
D:2:      layout_basic, uniq_natasha
D:3:      layout_loops_ring
D:4:      layout_loops_cross, uniq_crazy_yiuf_cottage
D:5:      layout_basic, hangedman_decor_clover_reticule, kennysheep_crisscross,
          item_on_display_a, uniq_duvessa

Skill      XL: |  1  2  3  4  5  6 |
---------------+-------------------+-----
Summonings     | 5 6 7 |  7.0
Spellcasting   | 3 4 5 |  5.0
Fire Magic     | 1 4 |  4.2
Dodging        | |  2.1
Stealth        | |  1.7

Action                     |  1- 3 |  4- 6 |  7- 9 || total
---------------------------+-------+-------+-------++-------
  Melee: Unarmed           |    15 |       |       ||    15
         Mace              |    25 |       |       ||    25
         Dagger            |    36 |   104 |       ||   140
         Spear             |       |    35 |    11 ||    46
  Throw: Dart              |       |     3 |       ||     3
   Cast: Summon Small Mamm |    36 |       |       ||    36
         Call Imp          |     6 |    24 |     1 ||    31
         Call Canine Famil |     1 |    12 |     1 ||    14
    Use: Scroll            |       |     8 |       ||     8
         Potion            |       |     2 |       ||     2
   Stab: Sleeping          |     1 |     4 |       ||     5
 Armour: Robe              |    63 |    71 |    17 ||   151
  Dodge: Dodged            |    69 |    43 |     8 ||   120
  Block: Buckler           |       |    16 |     2 ||    18

Table legend: (Time is in decaauts)
 A = Elapsed time spent in this place.
 B = Non-inter-level travel time spent in this place.
 C = Inter-level travel time spent in this place.
 D = Time resting spent in this place.
 E = Time spent auto-exploring this place.
 F = Levels seen in this place.
 G = Mean time per level.
                   A        B        C        D        E       F      G
               +--------+--------+--------+--------+--------+-----+--------+
         Total |   6502 |   6173 |    329 |   2033 |   3094 |   5 | 1300.4 |
       Dungeon |   6502 |   6173 |    329 |   2033 |   3094 |   5 | 1300.4 |
               +--------+--------+--------+--------+--------+-----+--------+

Top non-repeatable levels by time:
     D:1: 1984 daAuts
     D:2: 1696 daAuts
     D:4: 1319 daAuts
     D:3: 1164 daAuts
     D:5: 339 daAuts
